 Dungeon Crawl Stone Soup version 0.17.1-1-g73c8601 (webtiles) character file.

497 ventricule the Ruffian (level 7, -3/46 HPs)
             Began as a Formicid Chaos Knight on Dec 23, 2015.
             Slain by an orc
             ... wielding a +0 flail
              (5 damage)
             ... on level 4 of the Dungeon.
             The game lasted 00:10:59 (5409 turns).

ventricule the Ruffian (Formicid Chaos Knight)      Turns: 5409, Time: 00:11:00

Health: -3/46      AC:  3    Str: 13    XL:     7   Next: 38%
Magic:  16/16      EV: 11    Int:  9    God:
Gold:   134        SH:  4    Dex: 10    Spells: 0 memorised, 6 levels left

rFire  . . .     SeeInvis +       - Unarmed
rCold  . . .     Clarity  .     a - +2 leather armour
rNeg   . . .     SustAt   .     c - +0 buckler
rPois  .         Gourm    .     (helmet unavailable)
rElec  .         Spirit   .     (no cloak)
rCorr  .         Warding  .     (no gloves)
rMut   .         Stasis   +     (no boots)
MR     +....                    (no amulet)
Stlth  +.........               (no ring)
                                e - ring of magical power

@: somewhat resistant to hostile enchantments, very unstealthy
A: permanent stasis, dig shafts and tunnels, four strong arms, antennae 3,
blurry vision 1, clumsy 1, deformed body, dopey 1, frail 1, magic resistance 1,
weak 2
a: Dig, Shaft Self


You were on level 4 of the Dungeon.
You were near starving.

You visited 1 branch of the dungeon, and saw 4 of its levels.

You collected 134 gold pieces.


Innate Abilities, Weirdness & Mutations

You are under a permanent stasis effect.
You can dig through walls and to a lower floor.
Your four strong arms can wield two-handed weapons with a shield.
You have a pair of large antennae on your head (SInv).
Scrolls take you a little longer to read.
You are clumsy. (Dex -2)
Armour fits poorly on your strangely shaped body.
You are dopey. (Int -2)
You are frail (-10% HP).
You are resistant to hostile enchantments.
You are very weak. (Str -4)


   Skills:
 - Level 3.2 Fighting
 - Level 2.1 Armour
 - Level 0.8 Dodging
 - Level 4.0 Shields
 + Level 7.0 Unarmed Combat


You had 6 spell levels left.
You didn't know any spells.

Inventory:

Armour
 a - a +2 leather armour (worn)
 c - a +0 buckler (worn)
Jewellery
 e - a ring of magical power (left hand)
Comestibles
 b - 3 bread rations
 f - 3 meat rations

Dungeon Overview and Level Annotations

Branches:
Dungeon (4/15)
 Temple: D:4-7

Altars:

Annotations:
D:2 Crazy Yiuf
D:3 Sigmund

▒...
...▒▒▒▒▒.........▒.▒▒
▒..
............[.▒o.>.▒
▒▒
▒▒▒▒▒▒▒.........▒▒▒▒
▒▒▒ ▒▒.....▒▒▒.....<..
..▒
▒▒▒▒..▒..▒▒▒.{.▒▒▒▒▒▒
..▒▒▒....▒▒.▒▒▒▒[▒.▒
..▒...▒▒....▒▒▒.!▒...
....▒▒▒▒.▒▒▒▒▒.o▒▒.▒.▒
.....▒▒▒.▒ ▒▒..▒a▒.▒.▒
.....▒...▒ ▒..▒o▒▒.▒ .
...▒▒▒.▒▒▒▒▒.▒▒▒▒ .▒
.. .......▒.....▒
..▒▒▒▒▒▒.▒▒▒▒▒ ..▒ ▒▒▒


You could see 2 orcs.


Message History

The orc is heavily wounded.
You hit the orc.
You kill the orc!
The orc closely misses you.
Things that are here:
a mace; a scale mail; an orc corpse You barely miss the orc.
The orc hits you with a hand axe.
You hit the orc but do no damage.
An orc comes into view. It is wielding a flail.
You barely miss the orc. The orc hits you with a hand axe.
You barely miss the orc. You block the orc's attack.
You barely miss the orc. The orc hits you with a flail!
* * * LOW HITPOINT WARNING * * *
You block the orc's attack.
An orc priest comes into view. It is wielding a hand axe.
You closely miss the orc.
The orc priest shouts!
The orc priest invokes the aid of Beogh against you.
Something smites you!
* * * LOW HITPOINT WARNING * * *
You extend your mandibles.
You dig through the rock wall.
You block the orc's attack.
You dig through the rock wall.
The orc completely misses you. You block the orc's attack.
Are you sure you want to shaft yourself?
There are monsters nearby!
Are you sure you want to shaft yourself?
You are near starving!
The orc misses you. The orc hits you with a flail.
You die...

Action                   |  1- 3 |  4- 6 |  7- 9 || total
-------------------------+-------+-------+-------++-------
Melee: Unarmed           |   132 |   351 |    69 ||   552
Invok: Renounce Religion |     1 |       |       ||     1
 Abil: Dig               |     4 |     6 |     1 ||    11
       Shaft Self        |     2 |       |     1 ||     3
  Eat: Chunk             |     1 |     8 |     2 ||    11
       Bread ration      |     1 |       |       ||     1

Vault maps used:
D:1:      dpeg_arrival_fog
D:2:      uniq_crazy_yiuf_cottage
D:3:      lightli_temple_of_fire, first_bread, uniq_sigmund
D:4:      gammafunk_temple_overflow_claw, roderic_serpentine_path

Notes
Turn   | Place    | Note
--------------------------------------------------------------
     0 | D:1      | ventricule the Formicid Chaos Knight began the quest for the Orb.
     0 | D:1      | Reached XP level 1. HP: 18/18 MP: 1/1
    19 | D:1      | Fell from the grace of Xom
   289 | D:1      | Reached skill level 1 in Shields
   300 | D:1      | Reached XP level 2. HP: 12/24 MP: 2/2
   376 | D:1      | XOM: give mutations
   376 | D:1      | Gained mutation: You are weak. (Str -2) [Xom's mischief]
   376 | D:1      | Gained mutation: You are very weak. (Str -4) [Xom's mischief]
   376 | D:1      | Gained mutation: You are dopey. (Int -2) [Xom's mischief]
   376 | D:1      | Gained mutation: You are frail (-10% HP). [Xom's mischief]
   585 | D:1      | Reached XP level 3. HP: 14/26 MP: 3/3
   672 | D:1      | XOM: summons 4 hostile demons
   673 | D:1      | Noticed a red devil
   673 | D:1      | Noticed a hellwing
   675 | D:1      | You fall through a shaft!
   686 | D:2      | Reached skill level 2 in Shields
  1243 | D:2      | Noticed Crazy Yiuf
  1267 | D:2      | HP: 2/26 [Crazy Yiuf/quarterstaff of chaos (4)]
  1268 | D:2      | You fall through a shaft!
  1750 | D:3      | Reached XP level 4. HP: 9/31 MP: 4/4
  1984 | D:3      | XOM: give mutations
  1984 | D:3      | Gained mutation: You are clumsy. (Dex -2) [Xom's mischief]
  1984 | D:3      | Gained mutation: Scrolls take you a little longer to read. [Xom's mischief]
  1985 | D:3      | Reached skill level 4 in Unarmed Combat
  2089 | D:3      | Reached skill level 3 in Shields
  2327 | D:3      | Noticed a giant frog
  2359 | D:3      | Killed a giant frog
  2359 | D:3      | Reached XP level 5. HP: 24/36 MP: 5/5
  2509 | D:3      | Reached skill level 4 in Shields
  2977 | D:3      | XOM: medium Air miscast
  3468 | D:3      | XOM: medium Pois miscast
  3487 | D:3      | Reached skill level 5 in Unarmed Combat
  3537 | D:3      | XOM: draining
  3563 | D:3      | Reached XP level 6. HP: 29/42 MP: 6/6
  3686 | D:3      | XOM: stat loss: -1 Int (8/9)
  4186 | D:3      | Reached skill level 6 in Unarmed Combat
  4360 | D:3      | Noticed Sigmund
  4485 | D:4      | Reached XP level 7. HP: 27/46 MP: 7/7
  4916 | D:4      | XOM: give mutations
  4916 | D:4      | Gained mutation: Armour fits poorly on your strangely shaped body. [Xom's mischief]
  4916 | D:4      | Gained mutation: You are resistant to hostile enchantments. [Xom's mischief]
  5373 | D:4      | Reached skill level 7 in Unarmed Combat
  5386 | D:4      | XOM: noise
  5404 | D:4      | HP: 2/46 [orc priest/divine providence (14)]
  5409 | D:4      | Slain by an orc

Vanquished Creatures
  An ogre (D:4)
  A centaur (D:3)
  A giant frog (D:3)
  A crimson imp (D:3)
  3 worker ants (D:4)
  3 gnolls (D:3)
  6 adders
  A shadow imp (D:3)
  5 giant geckos
  4 orcs
  6 bats
  3 giant cockroaches (D:1)
  7 goblins
  6 hobgoblins
  3 kobolds
  A quokka (D:2)
  A ball python (D:3)
  A ball python skeleton (D:3)
  5 giant newts
  9 rats
68 creatures vanquished.
